Pick #1

Connor Bedard
Pick #2

Leo Carlsson
Pick #3

Adam Fantilli
Pick #4

Matvei Michkov
Pick #5

David Reinbacher
Pick #6

William Smith
Pick #7

Zachary Benson
Pick #8

Ryan Leonard
Pick #9

Gabriel Perreault
Pick #10

Axel Sandin-Pellika
Pick #11

Daniil But
Pick #12

Dalibor Dvorsky
Pick #13

Quentin Musty
Pick #14

Brayden Yager
Pick #15

Dmitry Simashev
Pick #16

Colby Barlow
Pick #17

Andrew Cristall
Pick #18

Easton Cowan
Pick #19

Jacob Fowler
Pick #20

Oliver Moore
Pick #21

Oliver Bonk
Pick #22

Tom Willander
Pick #23

Calum Ritchie
Pick #24

Tanner Molendyk
Pick #25

Gavin Brindley
Pick #26

Nate Danielson
Pick #27

Pick #28

Pick #29

Pick #30

Pick #31

Pick #32

Pick #33

Pick #34

Pick #35

Pick #36

Pick #37

Pick #38

Pick #39

Pick #40

Pick #41

Pick #42

Pick #43

Pick #44

Pick #45

Pick #46

Pick #47

Pick #48

Pick #49

Pick #50

Pick #51

Pick #52

Pick #53

Pick #54

Pick #55

Pick #56

Pick #57

Pick #58

Pick #59

Pick #60

Pick #61

Pick #62

Pick #63

Pick #64

Pick #65

Pick #66

Pick #67

Pick #68

Pick #69

Pick #70

Pick #71

Pick #72

Pick #73

Pick #74

Pick #75

Pick #76

Pick #77

Pick #78

Pick #79

Pick #80

Pick #81

Pick #82

Pick #83

Pick #84

Pick #85

Pick #86

Pick #87

Pick #88

Pick #89

Pick #90

Pick #91

Pick #92

Pick #93

Pick #94

Pick #95

Pick #96

Pick #97

Pick #98

Pick #99

Pick #100

Pick #101

Pick #102

Pick #103

Pick #104

Pick #105

Pick #106

Pick #107

Pick #108

Pick #109

Pick #110

Pick #111

Pick #112

Pick #113

Pick #114

Pick #115

Pick #116

Pick #117

Pick #118

Pick #119

Pick #120

Pick #121

Pick #122

Pick #123

Pick #124

Pick #125

Pick #126

Pick #127

Pick #128

Pick #129

Pick #130

Full Scoreboard »»

Blues vs Predators

Created - October 28, 2023 at 00:53

Goals
1 2 3 T
Blues 1 2 2 5
Predators 0 1 1 2
Shots
1 2 3 T
Blues 4 11 6 21
Predators 8 6 6 20

GoalsPenalties
1st period
1. Blues , Filip Hronek 1 (Clayton Keller 4, Yanni Gourde 4) at 11:55 (PP)
Kris Letang (STL) for Goalie Interference (Minor) at 7:32
J.T. Compher (NSH) for Roughing (Minor) at 10:04
2nd period
2. Predators , Bo Horvat 4 (Kyle Connor 2, Roman Josi 7) at 3:45
3. Blues , Auston Matthews 3 (Nico Hischier 4, Kevin Lankinen) at 5:39 (PP)
4. Blues , Anthony DeAngelo 1 (Jack Eichel 3, Filip Hronek 6) at 8:28 (PP)
Nikita Zadorov (NSH) for Hooking (Minor) at 3:48
Jesperi Kotkaniemi (NSH) for Hooking (Minor) at 6:37
Nikita Zadorov (NSH) for Hooking (Minor) at 15:23
Brandon Carlo (NSH) for Roughing (Minor) at 17:59
3rd period
5. Predators , Kyle Connor 4 (Bo Horvat 5, Alex Tuch 3) at 1:29
6. Blues , Clayton Keller 3 (Nico Hischier 5, Auston Matthews 4) at 4:26
7. Blues , Clayton Keller 4 (Filip Hronek 7, Nico Hischier 6) at 9:09 (SH)
Lucas Raymond (NSH) for Holding (Minor) at 1:32
Yanni Gourde (STL) for Slashing (Minor) at 7:22
Nico Hischier (STL) for High sticking (Minor) at 10:35
Goalie Stats
Kevin Lankinen (STL), 18 saves from 20 shots - (0.900), W, 1-0-0, 60:00 minutes
Jaroslav Halak (NSH), 2 saves from 3 shots - (0.667), 15:34 minutes
Ilya Sorokin (NSH), 14 saves from 18 shots - (0.778), L, 6-2-0, 44:26 minutes
3 StarsOfficial
1 - Clayton Keller (STL)
2 - Filip Hronek (STL)
3 - Bo Horvat (NSH)
Referees : Jake Brenk and Garrett Rank
Linesman : Kyle Larson and Kiel Murchison
Game Note
Jaroslav Halak enters game at 4:26 of 3rd period
Finance
Level 1 -- Attendance: 6500 (100.00%) -- Ticket Income $780,000
Level 2 -- Attendance: 4064 (81.28%) -- Ticket Income $390,144
Level 3 -- Attendance: 2272 (64.91%) -- Ticket Income $181,760
Level 4 -- Attendance: 1113 (100.00%) -- Ticket Income $77,910
Luxury Box -- Attendance: 955 (95.50%) -- Ticket Income $214,875
Game was played at the Bridgestone Arena.
Total Attendance: 14904 (87.09%)
Total Ticket Income: $1,644,689
Other Income: $411,172
Total Income: $2,055,861



Team Name Goals Shots Shots Attemp Shots Blocked PIM HIT PP PK FO%
Blues 5214256153 / 6 (50%)065%
Predators 22035412340 / 3 (0%)335%

Blues
Player Name POS G A P +/- PIM HIT SHT SB MP PP MP PP SHT PK MP PK SHT FO% FOT
Andrew MangiapaneLW000-1020017:186:2203:00050% 2
Anthony DeAngeloD1011001118:516:4710:4700% 0
Auston MatthewsC1120002021:015:0810:59063% 8
Cale MakarD0000004125:144:4342:4300% 0
Carson SoucyD0001010011:570:0000:1400% 0
Clayton KellerRW2131043022:595:0802:571100% 2
Craig SmithC0000003014:150:0000:000100% 2
Curtis LazarC000000005:280:0000:000100% 2
Derek RyanC000000108:280:0003:00156% 9
Devon ToewsD000-1000316:590:0003:0000% 0
Evan RodriguesC000-100007:560:0000:00057% 7
Filip HronekD123-1002023:336:4713:1810% 0
Jack EichelC0110000020:376:2200:00060% 20
Kris LetangD0000270025:046:2201:5200% 0
Miles WoodLW000-100007:560:0000:000100% 2
Nico HischierC0331213021:344:4321:58065% 20
Sheldon DriesC000000005:280:0000:0000% 0
Yanni GourdeC0110202019:225:0810:0000% 0
Predators
Player Name POS G A P +/- PIM HIT SHT SB MP PP MP PP SHT PK MP PK SHT FO% FOT
Alex TuchRW0111012024:183:2507:00023% 13
Bo HorvatC1121041017:183:2500:00029% 21
Brandon CarloD0002240016:260:0701:0700% 0
Cal ClutterbuckRW000003008:160:0703:4100% 0
Darnell NurseD000-1032121:542:3205:2900% 0
Gabriel VilardiRW0000012015:312:2500:0000% 0
J.T. CompherLW0000200010:290:0006:0200% 0
Jake McCabeD0000021012:240:0000:0600% 0
Jesperi KotkaniemiC000-1242011:050:0000:00044% 9
Kyle ConnorLW1121012118:363:2501:1800% 1
Lucas RaymondLW0000221013:050:0000:0000% 0
Nikita ZadorovD0000431018:062:2503:2500% 0
Oliver WahlstromRW000-1030011:060:0000:000100% 1
Roman JosiD0111011126:153:2506:2800% 0
Tage ThompsonC0000012015:382:3210:00048% 21
Taylor HallLW000-1001014:072:3210:2900% 1
Thomas ChabotD000-2011124:523:2516:2500% 0
Yakov TreninC000000108:580:0004:30029% 7



Play-by-Play

1st period


0:01 of 1st period - Nico Hischier wins face-off versus Bo Horvat in neutral zone.
0:44 of 1st period - Shot by Kyle Connor.
0:44 of 1st period - Stopped by Kevin Lankinen without a rebound.
0:45 of 1st period - Craig Smith wins face-off versus Tage Thompson in Blues zone.
0:45 of 1st period - Craig Smith is hit by Darnell Nurse.
0:51 of 1st period - Yanni Gourde is hit by Tage Thompson and loses puck.
1:08 of 1st period - Shot by Darnell Nurse.
1:08 of 1st period - Deflect By Tage Thompson.
1:08 of 1st period - Stopped by Kevin Lankinen without a rebound.
1:09 of 1st period - Miles Wood wins face-off versus Jesperi Kotkaniemi in Blues zone.
1:09 of 1st period - Miles Wood is hit by Jesperi Kotkaniemi.
1:12 of 1st period - Anthony DeAngelo is hit by Oliver Wahlstrom and loses puck.
2:40 of 1st period - Icing by Darnell Nurse.
2:41 of 1st period - Jack Eichel wins face-off versus Tage Thompson in Predators zone.
2:52 of 1st period - Shot by Gabriel Vilardi.
2:52 of 1st period - Stopped by Kevin Lankinen with a rebound.
3:19 of 1st period - Icing by Thomas Chabot.
3:20 of 1st period - Tage Thompson wins face-off versus Nico Hischier in Predators zone.
3:40 of 1st period - Icing by Brandon Carlo.
3:41 of 1st period - Derek Ryan wins face-off versus Bo Horvat in Predators zone.
4:23 of 1st period - Icing by Kyle Connor.
4:24 of 1st period - Clayton Keller wins face-off versus Bo Horvat in Predators zone.
4:57 of 1st period - Jake McCabe is hit by Kris Letang and loses puck.
5:20 of 1st period - Shot by Taylor Hall.
5:20 of 1st period - Shot Misses the Net.
5:22 of 1st period - Shot by Nikita Zadorov.
5:22 of 1st period - Shot Misses the Net.
5:24 of 1st period - Shot by Jake McCabe.
5:24 of 1st period - Stopped by Kevin Lankinen without a rebound.
5:25 of 1st period - Jack Eichel wins face-off versus Yakov Trenin in Blues zone.
5:38 of 1st period - Shot by Jack Eichel.
5:38 of 1st period - Shot Misses the Net.
5:40 of 1st period - Shot by Filip Hronek.
5:40 of 1st period - Shot Misses the Net.
5:42 of 1st period - Shot by Craig Smith.
5:42 of 1st period - Stopped by Ilya Sorokin without a rebound.
5:43 of 1st period - Tage Thompson wins face-off versus Derek Ryan in Predators zone.
6:00 of 1st period - Sheldon Dries is hit by Lucas Raymond and loses puck.
6:41 of 1st period - Icing by Thomas Chabot.
6:42 of 1st period - Tage Thompson wins face-off versus Nico Hischier in Predators zone.
7:16 of 1st period - Bo Horvat is hit by Kris Letang and loses puck.
7:32 of 1st period - Minor Penalty to Kris Letang for Goalie Interference.
7:33 of 1st period - Tage Thompson wins face-off versus Andrew Mangiapane in Blues zone.
7:34 of 1st period - Shot by Darnell Nurse.
7:34 of 1st period - Shot Blocked by Devon Toews.
7:36 of 1st period - Shot by Tage Thompson.
7:36 of 1st period - Stopped by Kevin Lankinen without a rebound.
7:37 of 1st period - Derek Ryan wins face-off versus Tage Thompson in Blues zone.
9:55 of 1st period - Icing by Yakov Trenin.
9:56 of 1st period - Yakov Trenin wins face-off versus Evan Rodrigues in Predators zone.
10:04 of 1st period - Minor Penalty to J.T. Compher for Roughing.
10:05 of 1st period - Auston Matthews wins face-off versus Alex Tuch in Predators zone.
10:18 of 1st period - Shot by Auston Matthews.
10:18 of 1st period - Shot Misses the Net.
11:12 of 1st period - Shot by Nico Hischier.
11:12 of 1st period - Stopped by Ilya Sorokin with a rebound.
11:14 of 1st period - Shot by Cale Makar.
11:14 of 1st period - Shot Blocked by Darnell Nurse.
11:31 of 1st period - Shot by Cale Makar.
11:31 of 1st period - Stopped by Ilya Sorokin without a rebound.
11:32 of 1st period - Alex Tuch wins face-off versus Auston Matthews in Predators zone.
11:45 of 1st period - Shot by Yanni Gourde.
11:45 of 1st period - Shot Misses the Net.
11:53 of 1st period - Shot by Clayton Keller.
11:53 of 1st period - Shot Blocked by Roman Josi.
11:55 of 1st period - Shot by Filip Hronek.
11:55 of 1st period - Goal by Filip Hronek - Blues : 1 - Predators : 0.
11:56 of 1st period - Jesperi Kotkaniemi wins face-off versus Derek Ryan in neutral zone.
12:49 of 1st period - Kris Letang is hit by Gabriel Vilardi and loses puck.
13:06 of 1st period - Icing by Tage Thompson.
13:07 of 1st period - Tage Thompson wins face-off versus Jack Eichel in Predators zone.
15:04 of 1st period - Filip Hronek is hit by Bo Horvat and loses puck.
16:14 of 1st period - Shot by Yanni Gourde.
16:14 of 1st period - Shot Misses the Net.
16:45 of 1st period - Shot by Darnell Nurse.
16:45 of 1st period - Stopped by Kevin Lankinen without a rebound.
16:46 of 1st period - Nico Hischier wins face-off versus Yakov Trenin in Blues zone.
16:46 of 1st period - Clayton Keller is hit by Cal Clutterbuck.
17:12 of 1st period - Yakov Trenin is hit by Kris Letang and loses puck.
17:48 of 1st period - Icing by Devon Toews.
17:49 of 1st period - Bo Horvat wins face-off versus Derek Ryan in Blues zone.
18:04 of 1st period - Filip Hronek is hit by Bo Horvat and loses puck.
18:17 of 1st period - Shot by Alex Tuch.
18:17 of 1st period - Stopped by Kevin Lankinen without a rebound.
18:18 of 1st period - Oliver Wahlstrom wins face-off versus Jack Eichel in Blues zone.
18:41 of 1st period - Shot by Oliver Wahlstrom.
18:41 of 1st period - Shot Blocked by Anthony DeAngelo.
18:43 of 1st period - Shot by Nikita Zadorov.
18:43 of 1st period - Stopped by Kevin Lankinen without a rebound.
18:44 of 1st period - Nico Hischier wins face-off versus Bo Horvat in Blues zone.
18:49 of 1st period - Darnell Nurse is hit by Clayton Keller.
Goals for this period are 1 for Blues vs 0 for Predators.
Shots for this period are 4 for Blues vs 8 for Predators.

2nd period


0:01 of 2nd period - Tage Thompson wins face-off versus Jack Eichel in neutral zone.
0:33 of 2nd period - Icing by Kris Letang.
0:34 of 2nd period - Jesperi Kotkaniemi wins face-off versus Jack Eichel in Blues zone.
0:47 of 2nd period - Shot by Taylor Hall.
0:47 of 2nd period - Deflect By Jesperi Kotkaniemi.
0:47 of 2nd period - Shot Misses the Net.
1:27 of 2nd period - Shot by Clayton Keller.
1:27 of 2nd period - Stopped by Ilya Sorokin without a rebound.
1:28 of 2nd period - Evan Rodrigues wins face-off versus Bo Horvat in Predators zone.
1:30 of 2nd period - Andrew Mangiapane is hit by Brandon Carlo and loses puck.
1:46 of 2nd period - Icing by Brandon Carlo.
1:47 of 2nd period - Nico Hischier wins face-off versus Kyle Connor in Predators zone.
1:47 of 2nd period - Clayton Keller is hit by Brandon Carlo and loses puck.
2:04 of 2nd period - Shot by Alex Tuch.
2:04 of 2nd period - Shot Misses the Net.
2:11 of 2nd period - Off-side.
2:12 of 2nd period - Jack Eichel wins face-off versus Tage Thompson in neutral zone.
2:18 of 2nd period - Icing by Thomas Chabot.
2:19 of 2nd period - Jack Eichel wins face-off versus Tage Thompson in Predators zone.
2:41 of 2nd period - Yanni Gourde is hit by Darnell Nurse and loses puck.
2:56 of 2nd period - Shot by Craig Smith.
2:56 of 2nd period - Stopped by Ilya Sorokin without a rebound.
2:57 of 2nd period - Nico Hischier wins face-off versus Bo Horvat in Predators zone.
3:08 of 2nd period - Shot by Clayton Keller.
3:08 of 2nd period - Shot Misses the Net.
3:11 of 2nd period - Icing by Brandon Carlo.
3:12 of 2nd period - Bo Horvat wins face-off versus Evan Rodrigues in Predators zone.
3:14 of 2nd period - Icing by Kyle Connor.
3:15 of 2nd period - Evan Rodrigues wins face-off versus Alex Tuch in Predators zone.
3:23 of 2nd period - Andrew Mangiapane is hit by Brandon Carlo and loses puck.
3:45 of 2nd period - Shot by Bo Horvat.
3:45 of 2nd period - Goal by Bo Horvat - Blues : 1 - Predators : 1.
3:46 of 2nd period - Craig Smith wins face-off versus Jesperi Kotkaniemi in neutral zone.
3:48 of 2nd period - Minor Penalty to Nikita Zadorov for Hooking.
3:49 of 2nd period - Auston Matthews wins face-off versus Alex Tuch in Predators zone.
3:50 of 2nd period - Shot by Cale Makar.
3:50 of 2nd period - Shot Blocked by Thomas Chabot.
3:52 of 2nd period - Shot by Yanni Gourde.
3:52 of 2nd period - Shot Misses the Net.
3:57 of 2nd period - Yanni Gourde is hit by Roman Josi and loses puck.
4:08 of 2nd period - Shot by Yanni Gourde.
4:08 of 2nd period - Shot Misses the Net.
4:47 of 2nd period - Anthony DeAngelo is hit by Brandon Carlo and loses puck.
5:39 of 2nd period - Shot by Auston Matthews.
5:39 of 2nd period - Goal by Auston Matthews - Blues : 2 - Predators : 1.
5:40 of 2nd period - Curtis Lazar wins face-off versus Tage Thompson in neutral zone.
5:52 of 2nd period - Icing by Jake McCabe.
5:53 of 2nd period - Tage Thompson wins face-off versus Derek Ryan in Predators zone.
6:00 of 2nd period - Shot by Gabriel Vilardi.
6:00 of 2nd period - Stopped by Kevin Lankinen without a rebound.
6:01 of 2nd period - Jesperi Kotkaniemi wins face-off versus Nico Hischier in Blues zone.
6:16 of 2nd period - Shot by Jesperi Kotkaniemi.
6:16 of 2nd period - Stopped by Kevin Lankinen with a rebound.
6:37 of 2nd period - Minor Penalty to Jesperi Kotkaniemi for Hooking.
6:38 of 2nd period - Alex Tuch wins face-off versus Jack Eichel in Predators zone.
7:17 of 2nd period - Anthony DeAngelo is hit by Nikita Zadorov and loses puck.
7:42 of 2nd period - Shot by Yanni Gourde.
7:42 of 2nd period - Deflect By Auston Matthews.
7:42 of 2nd period - Shot Misses the Net.
7:44 of 2nd period - Shot by Nico Hischier.
7:44 of 2nd period - Stopped by Ilya Sorokin without a rebound.
7:45 of 2nd period - Yakov Trenin wins face-off versus Auston Matthews in Predators zone.
7:56 of 2nd period - Shot by Cale Makar.
7:56 of 2nd period - Stopped by Ilya Sorokin without a rebound.
7:57 of 2nd period - Auston Matthews wins face-off versus Alex Tuch in Predators zone.
8:16 of 2nd period - Shot by Cale Makar.
8:16 of 2nd period - Stopped by Ilya Sorokin without a rebound.
8:17 of 2nd period - Andrew Mangiapane wins face-off versus Yakov Trenin in Predators zone.
8:26 of 2nd period - Shot by Jack Eichel.
8:26 of 2nd period - Shot Misses the Net.
8:28 of 2nd period - Shot by Anthony DeAngelo.
8:28 of 2nd period - Goal by Anthony DeAngelo - Blues : 3 - Predators : 1.
8:29 of 2nd period - Miles Wood wins face-off versus Tage Thompson in neutral zone.
9:20 of 2nd period - Icing by Brandon Carlo.
9:21 of 2nd period - Jack Eichel wins face-off versus Tage Thompson in Predators zone.
9:30 of 2nd period - Shot by Craig Smith.
9:30 of 2nd period - Shot Misses the Net.
9:32 of 2nd period - Shot by Craig Smith.
9:32 of 2nd period - Stopped by Ilya Sorokin without a rebound.
9:33 of 2nd period - Bo Horvat wins face-off versus Nico Hischier in Predators zone.
9:33 of 2nd period - Bo Horvat is hit by Clayton Keller.
9:38 of 2nd period - Off-side.
9:39 of 2nd period - Jack Eichel wins face-off versus Bo Horvat in neutral zone.
9:39 of 2nd period - Jack Eichel is hit by Bo Horvat.
9:44 of 2nd period - Kris Letang is hit by Thomas Chabot and loses puck.
10:02 of 2nd period - Icing by Darnell Nurse.
10:03 of 2nd period - Auston Matthews wins face-off versus Alex Tuch in Predators zone.
10:03 of 2nd period - Clayton Keller is hit by Darnell Nurse and loses puck.
10:18 of 2nd period - Shot by Nico Hischier.
10:18 of 2nd period - Stopped by Ilya Sorokin without a rebound.
10:19 of 2nd period - Jack Eichel wins face-off versus Taylor Hall in Predators zone.
10:45 of 2nd period - Off-side.
10:46 of 2nd period - Bo Horvat wins face-off versus Nico Hischier in neutral zone.
11:21 of 2nd period - Shot by Darnell Nurse.
11:21 of 2nd period - Shot Misses the Net.
11:31 of 2nd period - Shot by Bo Horvat.
11:31 of 2nd period - Shot Blocked by Devon Toews.
11:33 of 2nd period - Shot by Alex Tuch.
11:33 of 2nd period - Stopped by Kevin Lankinen without a rebound.
11:34 of 2nd period - Tage Thompson wins face-off versus Jack Eichel in Blues zone.
12:52 of 2nd period - Shot by Jesperi Kotkaniemi.
12:52 of 2nd period - Shot Hit the Post.
12:54 of 2nd period - Shot by Jesperi Kotkaniemi.
12:54 of 2nd period - Stopped by Kevin Lankinen with a rebound.
13:34 of 2nd period - Icing by Auston Matthews.
13:35 of 2nd period - Nico Hischier wins face-off versus Yakov Trenin in Blues zone.
13:35 of 2nd period - Nico Hischier is hit by Cal Clutterbuck.
14:15 of 2nd period - Shot by Nico Hischier.
14:15 of 2nd period - Deflect By Auston Matthews.
14:15 of 2nd period - Stopped by Ilya Sorokin without a rebound.
14:16 of 2nd period - Bo Horvat wins face-off versus Jack Eichel in Predators zone.
14:49 of 2nd period - Shot by Kyle Connor.
14:49 of 2nd period - Shot Blocked by Cale Makar.
14:51 of 2nd period - Shot by Darnell Nurse.
14:51 of 2nd period - Stopped by Kevin Lankinen without a rebound.
14:52 of 2nd period - Evan Rodrigues wins face-off versus Tage Thompson in Blues zone.
14:52 of 2nd period - Evan Rodrigues is hit by Lucas Raymond.
14:55 of 2nd period - Anthony DeAngelo is hit by Jake McCabe and loses puck.
15:19 of 2nd period - Andrew Mangiapane is hit by Nikita Zadorov and loses puck.
15:23 of 2nd period - Minor Penalty to Nikita Zadorov for Hooking.
15:24 of 2nd period - Auston Matthews wins face-off versus Alex Tuch in Predators zone.
16:20 of 2nd period - Icing by Kris Letang.
16:21 of 2nd period - Jack Eichel wins face-off versus Yakov Trenin in Blues zone.
16:21 of 2nd period - Kris Letang is hit by Cal Clutterbuck and loses puck.
17:12 of 2nd period - Yakov Trenin is hit by Andrew Mangiapane and loses puck.
17:52 of 2nd period - Off-side.
17:53 of 2nd period - Nico Hischier wins face-off versus Jesperi Kotkaniemi in neutral zone.
17:59 of 2nd period - Minor Penalty to Brandon Carlo for Roughing.
18:00 of 2nd period - Clayton Keller wins face-off versus Alex Tuch in Predators zone.
18:11 of 2nd period - Shot by Nico Hischier.
18:11 of 2nd period - Shot Misses the Net.
18:21 of 2nd period - Shot by Yanni Gourde.
18:21 of 2nd period - Stopped by Ilya Sorokin without a rebound.
18:22 of 2nd period - Alex Tuch wins face-off versus Jack Eichel in Predators zone.
18:22 of 2nd period - Alex Tuch is hit by Kris Letang.
Goals for this period are 2 for Blues vs 1 for Predators.
Shots for this period are 11 for Blues vs 6 for Predators.

3rd period


0:01 of 3rd period - Jack Eichel wins face-off versus Bo Horvat in neutral zone.
0:14 of 3rd period - Shot by Yanni Gourde.
0:14 of 3rd period - Stopped by Ilya Sorokin without a rebound.
0:15 of 3rd period - Nico Hischier wins face-off versus Jesperi Kotkaniemi in Predators zone.
0:58 of 3rd period - Shot by Taylor Hall.
0:58 of 3rd period - Shot Misses the Net.
1:09 of 3rd period - Icing by Auston Matthews.
1:10 of 3rd period - Bo Horvat wins face-off versus Nico Hischier in Blues zone.
1:29 of 3rd period - Shot by Bo Horvat.
1:29 of 3rd period - Deflect By Kyle Connor.
1:29 of 3rd period - Goal by Kyle Connor - Blues : 3 - Predators : 2.
1:30 of 3rd period - Jack Eichel wins face-off versus Tage Thompson in neutral zone.
1:30 of 3rd period - Yanni Gourde is hit by Jake McCabe and loses puck.
1:32 of 3rd period - Minor Penalty to Lucas Raymond for Holding.
1:33 of 3rd period - Jack Eichel wins face-off versus Alex Tuch in Predators zone.
3:13 of 3rd period - Shot by Nico Hischier.
3:13 of 3rd period - Shot Misses the Net.
3:15 of 3rd period - Shot by Nico Hischier.
3:15 of 3rd period - Shot Misses the Net.
3:31 of 3rd period - Shot by Cale Makar.
3:31 of 3rd period - Stopped by Ilya Sorokin without a rebound.
3:32 of 3rd period - Curtis Lazar wins face-off versus Tage Thompson in Predators zone.
3:40 of 3rd period - Roman Josi is hit by Carson Soucy and loses puck.
3:57 of 3rd period - Shot by Roman Josi.
3:57 of 3rd period - Stopped by Kevin Lankinen without a rebound.
3:58 of 3rd period - Jesperi Kotkaniemi wins face-off versus Nico Hischier in Blues zone.
4:11 of 3rd period - Nico Hischier is hit by Oliver Wahlstrom and loses puck.
4:20 of 3rd period - Shot by Auston Matthews.
4:20 of 3rd period - Deflect By Nico Hischier.
4:20 of 3rd period - Shot Misses the Net.
4:26 of 3rd period - Shot by Clayton Keller.
4:26 of 3rd period - Goal by Clayton Keller - Blues : 4 - Predators : 2.
4:26 of 3rd period - Jaroslav Halak enters game.
4:27 of 3rd period - Derek Ryan wins face-off versus Bo Horvat in neutral zone.
4:33 of 3rd period - Icing by Brandon Carlo.
4:34 of 3rd period - Jack Eichel wins face-off versus Bo Horvat in Predators zone.
4:43 of 3rd period - Shot by Jack Eichel.
4:43 of 3rd period - Shot Blocked by Kyle Connor.
5:38 of 3rd period - Shot by Nico Hischier.
5:38 of 3rd period - Shot Misses the Net.
5:54 of 3rd period - Shot by Lucas Raymond.
5:54 of 3rd period - Stopped by Kevin Lankinen without a rebound.
5:55 of 3rd period - Evan Rodrigues wins face-off versus Jesperi Kotkaniemi in Blues zone.
5:55 of 3rd period - Evan Rodrigues is hit by Jesperi Kotkaniemi.
6:24 of 3rd period - Carson Soucy is hit by Oliver Wahlstrom and loses puck.
6:40 of 3rd period - Anthony DeAngelo is hit by Jesperi Kotkaniemi.
6:49 of 3rd period - Jesperi Kotkaniemi is hit by Kris Letang and loses puck.
7:22 of 3rd period - Minor Penalty to Yanni Gourde for Slashing.
7:23 of 3rd period - Nico Hischier wins face-off versus Bo Horvat in Blues zone.
9:03 of 3rd period - Shot by Derek Ryan.
9:03 of 3rd period - Stopped by Jaroslav Halak without a rebound.
9:04 of 3rd period - Nico Hischier wins face-off versus Bo Horvat in Predators zone.
9:05 of 3rd period - Shot by Filip Hronek.
9:05 of 3rd period - Stopped by Jaroslav Halak without a rebound.
9:06 of 3rd period - Nico Hischier wins face-off versus Bo Horvat in Predators zone.
9:09 of 3rd period - Shot by Clayton Keller.
9:09 of 3rd period - Goal by Clayton Keller - Blues : 5 - Predators : 2.
9:10 of 3rd period - Nico Hischier wins face-off versus Alex Tuch in neutral zone.
9:57 of 3rd period - Shot by J.T. Compher.
9:57 of 3rd period - Shot Misses the Net.
10:03 of 3rd period - Shot by Yakov Trenin.
10:03 of 3rd period - Stopped by Kevin Lankinen with a rebound.
10:34 of 3rd period - Lucas Raymond is hit by Clayton Keller.
10:35 of 3rd period - Minor Penalty to Nico Hischier for High sticking.
10:36 of 3rd period - Derek Ryan wins face-off versus Bo Horvat in Blues zone.
11:28 of 3rd period - Tage Thompson is hit by Clayton Keller and loses puck.
12:01 of 3rd period - Shot by Tage Thompson.
12:01 of 3rd period - Deflect By Taylor Hall.
12:01 of 3rd period - Stopped by Kevin Lankinen without a rebound.
12:02 of 3rd period - Derek Ryan wins face-off versus Bo Horvat in Blues zone.
12:12 of 3rd period - Andrew Mangiapane is hit by Bo Horvat and loses puck.
12:23 of 3rd period - Shot by Alex Tuch.
12:23 of 3rd period - Shot Misses the Net.
12:25 of 3rd period - Shot by Thomas Chabot.
12:25 of 3rd period - Stopped by Kevin Lankinen without a rebound.
12:26 of 3rd period - Tage Thompson wins face-off versus Auston Matthews in Blues zone.
13:05 of 3rd period - Shot by Jack Eichel.
13:05 of 3rd period - Deflect By Yanni Gourde.
13:05 of 3rd period - Shot Misses the Net.
13:16 of 3rd period - Jack Eichel is hit by Nikita Zadorov and loses puck.
13:36 of 3rd period - Icing by Kris Letang.
13:37 of 3rd period - Nico Hischier wins face-off versus Alex Tuch in Blues zone.
14:00 of 3rd period - Auston Matthews is hit by Kyle Connor and loses puck.
14:23 of 3rd period - Shot by Alex Tuch.
14:23 of 3rd period - Shot Misses the Net.
14:33 of 3rd period - Thomas Chabot is hit by Nico Hischier and loses puck.
14:39 of 3rd period - Thomas Chabot is hit by Kris Letang and loses puck.
14:55 of 3rd period - Tage Thompson is hit by Kris Letang and loses puck.
15:35 of 3rd period - Devon Toews is hit by Jesperi Kotkaniemi and loses puck.
15:58 of 3rd period - Shot by Taylor Hall.
15:58 of 3rd period - Shot Blocked by Devon Toews.
16:19 of 3rd period - Devon Toews is hit by Alex Tuch and loses puck.
16:54 of 3rd period - Roman Josi is hit by Andrew Mangiapane and loses puck.
17:21 of 3rd period - Icing by Anthony DeAngelo.
17:22 of 3rd period - Tage Thompson wins face-off versus Evan Rodrigues in Blues zone.
Goals for this period are 2 for Blues vs 1 for Predators.
Shots for this period are 6 for Blues vs 6 for Predators.